AoeStats
← BMWwilliams5509

Golden Pit

509813358Analyzed
1v1 RM · 3d ago on Sep 28, 2026· 53m 23s· 2 players
Game mode
Random Map
Map size
Tiny (2 player)
Population
200
Speed
Normal
Resources
Standard
Victory
Conquest
Starting age
Dark Age
Ending age
Imperial Age
RankedLock teamsTeams togetherTeam positionsShared explorationLock speedFull tech treeHidden civsTurbo modeCheats
Victory
Defeat
🇨🇷 Lithuanians · Costa Rica
1036
+15
🇹🇷 Celts · Türkiye
1005
-15
BMWwilliams5509
7:01 Loom
10:16 Feudal Age
12:05 Horse Collar
20:11 Castle Age
18:51 Forging
27:10 Husbandry
27:13 Padded Archer Armor
30:46 Wheelbarrow
30:04 Fletching
31:07 Crossbowman
33:16 Bodkin Arrow
33:25 Pikeman
34:48 Hand Cart
39:37 Imperial Age
36:55 Town Watch
37:39 Gold Mining
37:43 Stone Mining
38:18 Double-Bit Axe
38:49 Town Watch
38:47 Pikeman
40:11 Ballistics
39:51 Murder Holes
40:42 Conscription
41:18 Gambesons
41:57 Masonry
42:45 Leather Archer Armor
43:33 Cavalier
43:40 Light Cavalry
49:31 Scale Mail Armor
Karenina2023356
0:34 Loom
11:51 Feudal Age
13:22 Double-Bit Axe
17:12 Castle Age
15:11 Stone Mining
17:10 Forging
19:24 Iron Casting
25:14 Wheelbarrow
25:20 Sanctity
26:37 Scale Barding Armor
28:51 Fervor
29:47 Stone Shaft Mining
29:57 Hill Forts
30:48 Redemption
31:25 Chain Barding Armor
34:03 Bow Saw
35:56 Ballistics
36:19 Hand Cart
35:59 Treadmill Crane
37:19 Careening
40:41 Imperial Age
37:43 Elite Skirmisher
40:05 Murder Holes
41:18 Husbandry
41:12 Fletching
41:59 Plate Barding Armor
42:37 Two-Man Saw
43:00 Two-Man Saw
43:03 Chemistry
42:01 Bodkin Arrow
42:06 Scale Mail Armor
42:20 Bloodlines
41:54 Cavalier
42:34 Elite Leitis
43:55 Paladin
47:17 Bracer
53:11 Conscription
53:13 Thumb Ring
Connection lost

Rejoining the realm…

Still unreachable

The connection could not be restored.

Session expired

The server has moved on; the page needs a fresh start.